 Dungeon Sprint DCSS version 0.31-a0-276-ge00219d475 (webtiles) character file.

Game seed: 4761466374718751136

111 Conn the Firebug (level 4, -4/27 HPs)
             Began as an Octopode Fire Elementalist on July 15, 2023.
             Slain by a human
             ... wielding a +0 club
              (6 damage)
             ... in the Dungeon (Sprint III: "The Ten Rune Challenge").
             The game lasted 00:04:11 (356 turns).

Conn the Firebug (Octopode Fire Elementalist)        Turns: 356, Time: 00:04:12

Health: -4/27      AC:  1    Str:  5 (6)  XL:     4   Next: 92%
Magic:  1/10       EV: 13    Int: 20 (23) God:
Gold:   26         SH:  0    Dex:  8 (11) Spells: 2/12 levels left

rFire   . . .        d - +4 quarterstaff (chaos)
rCold   . . .        (shield currently unavailable)
rNeg    . . .        (helmet restricted)
rPois   .            (no amulet)
rElec   .            (no ring)
rCorr   .            (no ring)
SInv    .            (no ring)
Will    +....        (no ring)
Stlth   +++          (no ring)
HPRegen 0.24/turn    (no ring)
MPRegen 0.12/turn    (no ring)
                     (no ring)

%: no teleportation
@: enlightened, flying
A: almost no armour, amphibious, 8 rings, camouflage 1, gelatinous body 1,
(nimble swimmer 1), tentacles, clever 1
a: no special abilities


You were in the Dungeon.
You visited 1 branch You collected 26 gold pieces.

Inventory:

Hand Weapons
 d - a +4 quarterstaff of chaos (weapon)
Scrolls
 i - a scroll of immolation
 j - a scroll of enchant armour
Potions
 a - 3 potions of magic
 e - a potion of berserk rage
 g - a potion of might
 h - a potion of mutation


   Skills:
 + Level 3.5 Dodging
 + Level 4.4 Stealth
 + Level 0.7 Unarmed Combat
 * Level 4.7 Spellcasting
 * Level 2.4 Conjurations
 + Level 7.0 Fire Magic


You had 2 spell levels left.
You knew the following spells:

 Your Spells              Type           Power      Damage    Failure   Level
a - Foxfire               Conj/Fire      92%        2x1d8     1%          1
b - Scorch                Fire           64%        2d8       1%          2
c - Inner Flame           Hex/Fire       18%        N/A       9%          3
d - Flame Wave            Conj/Fire      23%        2d8       17%         4

Your spell library contained the following spells:

 Spells                   Type           Power      Damage    Failure   Level
 Volatile Blastmotes      Fire/Tloc      36%        2d13      9%          3


Dungeon Overview and Level Annotations

Branches:
Dungeon (1/1)

Altars:


Innate Abilities, Weirdness & Mutations

You cannot wear most types of armour.
You are amphibious.
You can wear up to eight rings at the same time.
Your skin changes colour to match your surroundings (Stealth+).
Your rubbery body absorbs attacks. (AC +1, EV +1)
((You are camouflaged when in or above water. (Stealth+)))
You have tentacles for arms and can constrict up to eight enemies at once.
Your mind is acute. (Int +4, Str/Dex -1)


Message History

The human is engulfed in blazing flames.
Unknown command.
Casting: Flame Wave (extremely dangerous; 14% risk of failure)
Confirm with . or Enter, or press ? or * to list all spells.
The spell is quite dangerous to miscast (7% risk of failure)!
Continue anyway?
Aiming: Inner Flame (quite dangerous; 7% risk of failure)
Press: ? - help, Dir - move target, f - human
Aim: a human, wielding a +0 club (heavily wounded, berserk, chance to affect: 76%)
The human is filled with an inner flame.
The human is engulfed in a cloud of scalding steam.
As you read the scroll labelled UXAMIA LUNOMUX, it crumbles to dust.
The creatures around you are filled with an inner flame!
It was a scroll of immolation.
The human is engulfed in blazing flames.
Flame seeps out of the human.
Casting: Inner Flame (quite dangerous; 7% risk of failure)
Confirm with . or Enter, or press ? or * to list all spells.
You conjure some foxfire!
Unknown command.
You aren't carrying any items that you can evoke.
The foxfire hits the human.
Flame seeps out of the human.
The human is severely wounded.
The foxfire hits the human.
Flame seeps out of the human.
The human is severely wounded.
Sorry, you're not good enough to have a special ability.
It was a potion of degeneration.
There was something very wrong with that liquid.
You feel weakened.
You feel dopey.
You feel clumsy.
The human is engulfed in blazing flames.
Flame seeps out of the human.
You feel better. The human hits you with a +0 club.
* * * LOW HITPOINT WARNING * * *
The human barely misses you.
You feel better. The human hits you with a +0 club!
* * * LOW HITPOINT WARNING * * *
It was a potion of enlightenment.
You feel very buoyant.
You fly up into the air.
The human completely misses you. The human hits you with a +0 club.
You die...

▓▓▓▓▓▓▓▓▓▓▓▓ ▓▓▓
▓<.#@pp....♣ ♣.#
▓..#..#....♣♣♣ ♣.#
▓#'####....♣.♣ ♣.#
▓.....#....☼.♣♣♣♣.# #
▓.....#...p~..♣§..#..
▓.....#..§§~~...♣.'.⌠
▓####'#..§§§~§~...#..
▓(..†.#.~~§~~~....# ⌠
▓..†..#.~≈[~~.....#


You could see 2 humans.

Vanquished Creatures
  A water elemental (D)
  Crazy Yiuf (D)
  A human (D)
  2 endoplasms (D)
  2 rats (D)
7 creatures vanquished.

Vanquished Creatures (others)
  22 foxfires (D)
22 creatures vanquished.

Grand Total: 29 creatures vanquished

Notes
Turn   | Place    | Note
-------+----------+-------------------------------------------
     0 | D        | Conn the Octopode Fire Elementalist began the quest for the
                  | Orb.
     0 | D        | Reached XP level 1. HP: 11/11 MP: 3/3
    72 | D        | Noticed Crazy Yiuf
   112 | D        | Reached skill level 4 in Fire Magic
   112 | D        | Reached XP level 2. HP: 11/17 MP: 0/6
   119 | D        | Learned a level 2 spell: Scorch
   194 | D        | Killed Crazy Yiuf
   195 | D        | Reached skill level 5 in Fire Magic
   195 | D        | Reached XP level 3. HP: 21/21 MP: 4/8
   212 | D        | Learned a level 3 spell: Inner Flame
   226 | D        | Gained mutation: You are dopey. (Int -2) [potion of
                  | mutation]
   226 | D        | Gained mutation: You are frail. (-10% HP) [potion of
                  | mutation]
   227 | D        | Lost mutation: You are dopey. (Int -2) [potion of mutation]
   227 | D        | Lost mutation: You are frail. (-10% HP) [potion of
                  | mutation]
   227 | D        | Gained mutation: Your mind is acute. (Int +4, Str/Dex -1)
                  | [potion of mutation]
   243 | D        | Noticed a water elemental
   247 | D        | Killed a water elemental
   248 | D        | Reached skill level 7 in Fire Magic
   248 | D        | Reached XP level 4. HP: 26/27 MP: 0/10
   333 | D        | Learned a level 4 spell: Flame Wave
   337 | D        | Noticed a deep elf pyromancer
   337 | D        | Noticed a human
   338 | D        | Noticed a human
   356 | D        | Slain by a human

Illustrated notes

Levels and vault maps discovered:
D:        dungeon_sprint_mu [sprint_mu_entry_forest, sprint_mu_temple_rooms,
          sprint_mu_d1_horrors, sprint_mu_d2_genie, sprint_mu_d3_branching,
          sprint_mu_orc_legion, sprint_mu_elf_gauntlet, sprint_mu_hive_nellie,
          sprint_mu_lair_fedhas, sprint_mu_vaults_butterflies,
          sprint_mu_slime_circle, sprint_mu_swamp_cave, sprint_mu_shoals_kraken,
          sprint_mu_blade_basic, sprint_mu_crypt_lich, sprint_mu_tomb_spiral,
          sprint_mu_vestibule_basic, sprint_mu_gehenna_hellfire,
          sprint_mu_dis_giant, sprint_mu_tartarus_statrot,
          sprint_mu_cocytus_islands, sprint_mu_zot1]

Skill      XL: |  1  2  3 |
---------------+----------+-----
Stealth        | 3 4 |  4.4
Spellcasting   | 3 4 |  4.7
Fire Magic     | 4 5 7 |  7.0
Dodging        | 3 |  3.5
Conjurations   | 2 |  2.4
Unarmed Combat | |  0.7

Action                     |  1- 3 |  4- 6 || total
---------------------------+-------+-------++-------
  Melee: Unarmed           |     7 |       ||     7
         Constrict         |     3 |       ||     3
         Tentacles         |     3 |       ||     3
   Cast: Foxfire           |    12 |     1 ||    13
         Scorch            |     4 |     1 ||     5
         Inner Flame       |       |     1 ||     1
         Flame Wave        |       |     1 ||     1
    Use: Potion            |     3 |     5 ||     8
         Scroll            |     2 |     2 ||     4
  Dodge: Dodged            |     2 |     6 ||     8

Table legend: (Time is in decaauts)
 A = Elapsed time spent in this place.
 B = Non-inter-level travel time spent in this place.
 C = Inter-level travel time spent in this place.
 D = Time resting spent in this place.
 E = Time spent auto-exploring this place.
 F = Levels seen in this place.
 G = Mean time per level.
                   A        B        C        D        E       F      G
               +--------+--------+--------+--------+--------+-----+--------+
         Total |    336 |    336 |      0 |    157 |      0 |   1 |  336.0 |
       Dungeon |    336 |    336 |      0 |    157 |      0 |   1 |  336.0 |
               +--------+--------+--------+--------+--------+-----+--------+

Top non-repeatable levels by time:
       D: 336 daAuts
